 Dungeon Crawl Stone Soup version 0.15.2 (webtiles) character file.

466 magipi the Firebug (level 7, -5/36 HPs)
             Began as a Tengu Fire Elementalist on June 5, 2015.
             Slain by Grinder (10 damage)
             ... on Level 5 of the Dungeon.
             The game lasted 00:21:39 (4321 turns).

magipi the Firebug (Tengu Fire Elementalist)        Turns: 4321, Time: 00:21:40

HP  -5/36        AC  4     Str  8      XL: 7   Next:  8%
MP   8/14        EV 11     Int 17      God:
Gold 294         SH  0     Dex 15      Spells:  3 memorised,  2 levels left

rFire  . . .     SeeInvis .     j - +0 hammer (holy)
rCold  + . .     Clarity  .     g - +1 leather armour {rC+}
rNeg   . . .     rCorr    .     (no shield)
rPois  .         rRot     .     (helmet restricted)
rElec  .         Spirit   .     (no cloak)
SustAb .         Warding  .     (no gloves)
rMut   .         Stasis   .     (boots unavailable)
Gourm  .                        (no amulet)
MR     .....                    (no ring)
                                C - ring of stealth

@: not resistant to hostile enchantments, fairly stealthy
A: able to fly, beak, talons 3
a: Fly


You were on level 5 of the Dungeon.
You were not hungry.

You visited 1 branch of the dungeon, and saw 5 of its levels.

You collected 294 gold pieces.

Inventory:

Hand weapons
 a - a +0 whip of venom
 j - a +0 hammer of holy wrath (weapon)
Missiles
 e - 13 stones (quivered)
 y - 8 needles of sleeping
Armour
 g - a +1 leather armour of cold resistance (worn)
 k - a +2 buckler
Comestibles
 c - 4 bread rations
 u - a meat ration
 z - a rotting chunk of goblin flesh
 A - a chunk of giant gecko flesh
 D - a rotting chunk of bat flesh
 G - a rotting chunk of rat flesh
Scrolls
 d - 3 scrolls of remove curse {unknown}
 h - 3 scrolls of random uselessness {unknown}
 i - a scroll of fog {unknown}
 n - 2 scrolls of identify {unknown}
 o - a scroll of enchant armour {unknown}
 p - 2 scrolls of blinking {unknown}
 t - a scroll of fear {unknown}
 v - a scroll of magic mapping {unknown}
 x - 2 scrolls of amnesia {unknown}
Jewellery
 C - a ring of stealth (left hand)
Potions
 f - 3 potions of haste {unknown}
 l - 5 potions of curing {unknown}
 m - a potion of beneficial mutation {unknown}
 q - 2 potions of cure mutation {unknown}
 r - a potion of confusion {unknown}
 s - a potion of invisibility {unknown}
 B - 2 potions of flight {unknown}
 E - a potion of poison {unknown}
 F - a potion of might {unknown}
Books
 b - a book of Flames

   Spells                             Type                      Level
   *Flame Tongue                      Conjuration/Fire             1
   Throw Flame                        Conjuration/Fire             2
   *Conjure Flame                     Conjuration/Fire             3
   Inner Flame                        Hexes/Fire                   3
   *Sticky Flame                      Conjuration/Fire             4
   Fireball                           Conjuration/Fire             5
 w - a book of Wizardry

   Spells                             Type                      Level
   Agony                              Necromancy                   5
   Force Lance                        Conjuration                  5
   Dispersal                          Translocation                6
   Haste                              Charms                       6
   Invisibility                       Hexes                        6
   Spellforged Servitor               Conjuration/Summoning        7


   Skills:
 - Level 2.1 Dodging
 - Level 2.0 Stealth
 - Level 2.0 Spellcasting
 + Level 6.4 Conjurations
 + Level 6.6 Fire Magic


You had 2 spell levels left.
You knew the following spells:

 Your Spells              Type           Power        Failure   Level  Hunger
a - Flame Tongue          Conj/Fire      ###..        1%          1    #......
b - Conjure Flame         Conj/Fire      ###.....     4%          3    ####...
c - Sticky Flame          Conj/Fire      ###.....     14%         4    #####..


Dungeon Overview and Level Annotations

Branches:
Dungeon (5/15)
 Temple: D:4-7

Altars:
Nemelex Xobeh
Okawaru
Qazlal

Annotations:
D:5 Grinder


Innate Abilities, Weirdness & Mutations

You can fly.
You have a beak for a mouth.
You have claws for feet.

Vault maps used:
D:1:      onia_arrival_mini_maze_b, grunt_decor_cap, grunt_decor_resistance
D:2:      old_standard_altar, first_bread, nemelex_spade_bored_becter
D:3:      nicolae_qazlal_eye_of_the_storm, uniq_crazy_yiuf_cottage, uniq_iyjb
D:5:      minmay_temple_entry_overgrown, basic_altar, uniq_grinder


Message History

HP restored.
You smell decay.
Yuck! (slot z)
There is an escape hatch in the floor here.
You smell something rotten. (slot D) Done exploring.
(D) Dungeon
Where to? (Enter - D:2 @ (x,y), ? - help)
What level of the Dungeon? (default 1, ? - help)
There is an escape hatch in the ceiling here.
A kobold comes into view.
The kobold moves out of view.
Unknown command.
Unknown command.
The kobold shouts!
Casting: Flame Tongue
Confirm with . or Enter, or press ? or * to list all spells.
Aiming: Flame Tongue
Press: ? - help, Shift-Dir - straight line, f - kobold
Aim: a kobold The flame tongue misses the kobold.
Casting: Flame Tongue
Confirm with . or Enter, or press ? or * to list all spells.
Aiming: Flame Tongue
Press: ? - help, Shift-Dir - straight line, f/p - kobold
Aim: a kobold The flame tongue hits the kobold.
The kobold appears unharmed.
The kobold misses you.
You hit the kobold.
You kill the kobold!
(D) Dungeon
Where to? (Enter - D:5, ? - help) Magic restored.
There is a stone staircase leading down here.
You climb downwards.
A giant gecko, a rat, a hobgoblin and a crimson imp come into view.
The hobgoblin shouts!
You hear a shout!
Found a spear and a trident.
There is a stone staircase leading up here.
Casting: Flame Tongue
Confirm with . or Enter, or press ? or * to list all spells.
Aiming: Flame Tongue
Press: ? - help, Shift-Dir - straight line, f - rat
Aim: a rat The flame tongue hits the rat.
You kill the rat!
The crimson imp disappears for a moment.
The crimson imp blinks!
Unknown command.
Casting: Flame Tongue
Confirm with . or Enter, or press ? or * to list all spells.
Aiming: Flame Tongue
Press: ? - help, Shift-Dir - straight line, f - giant gecko
Aim: a giant gecko The flame tongue hits the giant gecko.
You kill the giant gecko!
Casting: Flame Tongue
Confirm with . or Enter, or press ? or * to list all spells.
Aiming: Flame Tongue
Press: ? - help, Shift-Dir - straight line, f - hobgoblin
Aim: a hobgoblin The flame tongue hits the hobgoblin.
You kill the hobgoblin!
Unknown command.
Wield which item (- for none, * to show all)? (? for menu, Esc to quit)
Your +0 whip of venom stops dripping with poison.
It softly glows with a divine radiance!
j - a +0 hammer of holy wrath (weapon)
Grinder comes into view.
Casting: Flame Tongue
Confirm with . or Enter, or press ? or * to list all spells.
Aiming: Sticky Flame
Press: ? - help, Shift-Dir - straight line, f - Grinder
Aim: Grinder The sticky flame hits Grinder.
Grinder is lightly wounded.
Grinder is covered in liquid flames!
Grinder burns!
Grinder hits you.
You writhe in agony.
Unknown command.
You hit Grinder.
Grinder convulses.
You claw Grinder. Your peck misses Grinder.
Grinder is heavily wounded.
Grinder burns!
Grinder hits you.
You writhe in agony.
You hit Grinder.
Grinder convulses.
Your peck misses Grinder.
Grinder is severely wounded.
Grinder burns! x2
Grinder stops burning.
Grinder hits you! Grinder hits you.
* * * LOW HITPOINT WARNING * * *
You writhe in agony.
* * * LOW HITPOINT WARNING * * *
You hit Grinder.
Grinder convulses.
Grinder is almost dead.
Grinder barely misses you.
You barely miss Grinder. Your kick misses Grinder.
Grinder is almost dead.
Grinder says, "Just stop there for a second..."
Grinder gestures at you.
You struggle to resist.
You closely miss Grinder. You claw Grinder. Your peck misses Grinder.
Grinder is almost dead.
Grinder hits you!
You die...

#######
#......#
#......####.
#).........
#...).....
.....%#
#..5# #.@#
.........#
#####..%#
......
###....
...##. ....
. .... .. .


You could see Grinder.

Table legend:
 A = Kills in this place as a percentage of kills in entire the game.
 B = Kills by you in this place as a percentage of kills by you in the entire game.
 C = Kills by friends in this place as a percentage of kills by friends in the entire game.
 D = Other kills in this place as a percentage of other kills in the entire game.
 E = Experience gained in this place as a percentage of experience gained in the entire game.
 F = Experience gained in this place divided by the number of levels of this place that you have seen.
                   A       B       C       D       E      F
               +-------+-------+-------+-------+-------+----------------------
         Total | 100.0 | 100.0 |  -nan |  -nan | 100.0 | 133.4
       Dungeon | 100.0 | 100.0 |  -nan |  -nan | 100.0 | 133.4
               +-------+-------+-------+-------+-------+----------------------

Vanquished Creatures
  An orc warrior (D:3)
  An ogre (D:4)
  An orc priest (D:3)
  A hound (D:4)
  2 orc wizards
  A worker ant (D:4)
  Ijyb (D:3)
  3 adders
  3 worms
  6 giant geckos
  11 orcs
  6 ball pythons
  9 bats
  3 giant cockroaches
  9 goblins
  8 hobgoblins
  7 kobolds
  4 quokkas
  4 giant newts
  12 rats
  A rat skeleton (D:4)
94 creatures vanquished.

Notes
Turn   | Place    | Note
--------------------------------------------------------------
     0 | D:1      | magipi, the Tengu Fire Elementalist, began the quest for the Orb.
     0 | D:1      | Reached XP level 1. HP: 10/10 MP: 3/3
   173 | D:1      | Reached XP level 2. HP: 15/15 MP: 1/5
  1291 | D:2      | Reached skill level 4 in Fire Magic
  1310 | D:2      | Reached XP level 3. HP: 12/19 MP: 5/7
  1315 | D:2      | Learned a level 3 spell: Conjure Flame
  1802 | D:2      | Found an iron altar of Okawaru.
  1808 | D:2      | Reached XP level 4. HP: 24/24 MP: 5/8
  1975 | D:2      | Found a sparkling altar of Nemelex Xobeh.
  2106 | D:3      | Noticed Ijyb
  2122 | D:3      | Killed Ijyb
  2649 | D:3      | Noticed an orc warrior
  2661 | D:3      | Reached skill level 5 in Fire Magic
  2661 | D:3      | Reached XP level 5. HP: 15/28 MP: 4/11
  3030 | D:2      | Learned a level 4 spell: Sticky Flame
  3070 | D:3      | Killed an orc warrior
  3070 | D:3      | Reached skill level 5 in Conjurations
  3070 | D:3      | Reached XP level 6. HP: 22/32 MP: 6/12
  3318 | D:3      | Found a stormy altar of Qazlal.
  3561 | D:4      | Reached skill level 6 in Fire Magic
  3976 | D:4      | Reached XP level 7. HP: 36/36 MP: 7/14
  4311 | D:5      | Entered Level 5 of the Dungeon
  4316 | D:5      | Noticed Grinder
  4321 | D:5      | Slain by Grinder

Action                   |  1- 3 |  4- 6 |  7- 9 || total
-------------------------+-------+-------+-------++-------
Melee: Whip              |    22 |    45 |     6 ||    73
       Unarmed           |     2 |       |       ||     2
       Hammer            |       |       |     5 ||     5
 Cast: Flame Tongue      |    41 |    63 |     8 ||   112
       Conjure Flame     |       |     3 |       ||     3
       Sticky Flame      |       |     3 |     1 ||     4
 Abil: Fly               |       |     1 |       ||     1
 Stab: Sleeping          |     1 |     2 |     1 ||     4
  Eat: Chunk             |     3 |     8 |     1 ||    12
       Beef jerky        |       |     1 |       ||     1

Action                   |  1- 3 |  4- 6 |  7- 9 || total
-------------------------+-------+-------+-------++-------
Melee: Whip              |    22 |    45 |     6 ||    73
       Unarmed           |     2 |       |       ||     2
       Hammer            |       |       |     5 ||     5
 Cast: Flame Tongue      |    41 |    63 |     8 ||   112
       Conjure Flame     |       |     3 |       ||     3
       Sticky Flame      |       |     3 |     1 ||     4
 Abil: Fly               |       |     1 |       ||     1
 Stab: Sleeping          |     1 |     2 |     1 ||     4
  Eat: Chunk             |     3 |     8 |     1 ||    12
       Beef jerky        |       |     1 |       ||     1

Action                   |  1- 3 |  4- 6 |  7- 9 || total
-------------------------+-------+-------+-------++-------
Melee: Whip              |    22 |    45 |     6 ||    73
       Unarmed           |     2 |       |       ||     2
       Hammer            |       |       |     5 ||     5
 Cast: Flame Tongue      |    41 |    63 |     8 ||   112
       Conjure Flame     |       |     3 |       ||     3
       Sticky Flame      |       |     3 |     1 ||     4
 Abil: Fly               |       |     1 |       ||     1
 Stab: Sleeping          |     1 |     2 |     1 ||     4
  Eat: Chunk             |     3 |     8 |     1 ||    12
       Beef jerky        |       |     1 |       ||     1
